 Dungeon Crawl Stone Soup version 0.26-a0-597-gb535b0901c (webtiles) character file.

Game seed: 7296043621457167662

77 HoaS the Shield-Bearer (level 4, -1/35 HPs)
             Began as a Formicid Fighter on Sept 5, 2020.
             Slain by a hobgoblin
             ... wielding a +0 club
              (3 damage)
             ... on level 2 of the Dungeon.
             The game lasted 00:02:43 (831 turns).

HoaS the Shield-Bearer (Formicid Fighter)            Turns: 831, Time: 00:02:43

Health: -1/35      AC:  6    Str: 22    XL:     4   Next: 60%
Magic:  4/4        EV:  8    Int:  7    God:
Gold:   35         SH:  9    Dex: 10    Spells: 3/3 levels left

rFire    . . .     SeeInvis +   a - +0 quarterstaff
rCold    . . .     Faith    .   c - +0 kite shield
rNeg     . . .     Spirit   .   b - +0 scale mail
rPois    .         Reflect  .   (helmet unavailable)
rElec    .         Harm     .   (no cloak)
rCorr    .                      (no gloves)
MR       +....                  (no boots)
Stlth    ..........             (no amulet)
HPRegen  0.11/turn              g - ring of protection from magic
MPRegen  0.09/turn              (no ring)

@: mighty
A: permanent stasis, dig shafts and tunnels, four strong arms, antennae 3
a: Dig, Shaft Self


You were on level 2 of the Dungeon.
You visited 1 branch of the dungeon, and saw 2 of its levels.

You collected 35 gold pieces.

Inventory:

Hand Weapons
 a - a +0 quarterstaff (weapon)
Armour
 b - a +0 scale mail (worn)
 c - a +0 kite shield (worn)
Jewellery
 e - a +6 ring of dexterity {unknown}
 g - a ring of protection from magic (left hand)
Potions
 f - a potion of cancellation {unknown}
 h - a potion of magic {unknown}
 i - 2 potions of berserk rage {unknown}


   Skills:
 - Level 3.2 Fighting
 * Level 3.8 Staves
 - Level 3.2 Armour
 + Level 4.5 Shields


You had 3 spell levels left.
You didn't know any spells.
Your spell library was empty.

Dungeon Overview and Level Annotations

Branches:
Dungeon (2/15)

Altars:
Fedhas


Innate Abilities, Weirdness & Mutations

You cannot be hasted, slowed, berserked, paralysed or teleported.
You can dig through walls and to a lower floor.
Your four strong arms can wield two-handed weapons with a shield.
You have a pair of large antennae on your head. (SInv)


Message History

You block the iguana's attack.
You closely miss the iguana.
The iguana is almost dead.
You block the iguana's attack. The iguana closely misses you.
You hit the iguana but do no damage.
The iguana is almost dead.
The iguana bites you!
* * * LOW HITPOINT WARNING * * *
You barely miss the iguana.
The iguana is almost dead.
You block the iguana's attack.
You feel very mighty all of a sudden. You block the iguana's attack.
You hit the iguana.
You kill the iguana!
You block the hobgoblin's attack.
You closely miss the hobgoblin. The hobgoblin closely misses you.
You closely miss the hobgoblin. You block the hobgoblin's attack.
You closely miss the hobgoblin. The hobgoblin hits you with a +0 club.
You die...

# #.......####
##.####.#.########
..#. #..........##
##..##.###.##(((.()
#.....# #.##.##.##
#$...# #.##.##.##
#...# #(...##.##
##g## ###..##.#.
#@# #..##.#. #.#
#..##... #.#
#..####. ##.## #..#
#. #...##### #..#
#. #.#.....# #..#
#.
#...###.####..####.
##### #............
######.......


You could see a hobgoblin.

Vanquished Creatures
  An iguana (D:2)
  An adder (D:2)
  An ooze (D:1)
  4 dart slugs
  A leopard gecko (D:1)
  2 giant cockroaches (D:1)
  6 goblins (D:1)
  A hobgoblin (D:1)
  A bat (D:1)
  4 frilled lizards
  5 kobolds
  7 rats
34 creatures vanquished.

Notes
Turn   | Place    | Note
-------+----------+-------------------------------------------
     0 | D:1      | HoaS the Formicid Fighter began the quest for the Orb.
     0 | D:1      | Reached XP level 1. HP: 18/18 MP: 1/1
    56 | D:1      | Reached XP level 2. HP: 23/24 MP: 2/2
   110 | D:1      | Reached skill level 4 in Shields
   270 | D:1      | Reached XP level 3. HP: 29/29 MP: 3/3
   366 | D:1      | You fall into a shaft and drop 1 floor!
   639 | D:2      | Found a blossoming altar of Fedhas.
   734 | D:2      | Reached XP level 4. HP: 35/35 MP: 4/4
   825 | D:2      | HP: 1/35 [iguana (10)]
   831 | D:2      | Slain by a hobgoblin

Illustrated notes

Levels and vault maps discovered:
D:1:      dpeg_arrival_three_same_balls, layout_rooms
D:2:      layout_loops_ring, lemuel_doored_altar

Skill      XL: |  1  2  3 |
---------------+----------+-----
Shields        | 4 |  4.5
Staves         | 3 |  3.8
Fighting       | |  3.2
Armour         | |  3.2

Action                   |  1- 3 |  4- 6 || total
-------------------------+-------+-------++-------
Melee: Quarterstaff      |    91 |    21 ||   112
 Abil: Dig               |     2 |       ||     2
  Use: Scroll            |     3 |       ||     3
       Potion            |       |     1 ||     1
Armor: Scale mail        |    32 |     4 ||    36
Dodge: Dodged            |    32 |     3 ||    35
Block: Kite shield       |    48 |     9 ||    57

Table legend: (Time is in decaauts)
 A = Elapsed time spent in this place.
 B = Non-inter-level travel time spent in this place.
 C = Inter-level travel time spent in this place.
 D = Time resting spent in this place.
 E = Time spent auto-exploring this place.
 F = Levels seen in this place.
 G = Mean time per level.
                   A        B        C        D        E       F      G
               +--------+--------+--------+--------+--------+-----+--------+
         Total |    856 |    855 |      1 |    160 |    436 |   2 |  428.0 |
       Dungeon |    856 |    855 |      1 |    160 |    436 |   2 |  428.0 |
               +--------+--------+--------+--------+--------+-----+--------+

Top non-repeatable levels by time:
     D:1: 565 daAuts
     D:2: 291 daAuts
